 Dungeon Crawl Stone Soup version 0.31-a0-1447-g87ca8d402b (webtiles) character file.

Game seed: 18099212606305857937

48 Laraso the Trooper (level 3, -3/39 HPs)
             Began as an Oni Cinder Acolyte on Dec 28, 2023.
             Was a High Priest of Ignis.
             Slain by Ijyb
             ... wielding a +4 vampiric dagger
              (10 damage)
             ... on level 2 of the Dungeon.
             The game lasted 00:01:47 (1041 turns).

Laraso the Trooper (Oni Cinder Acolyte)             Turns: 1041, Time: 00:01:48

Health: -3/39      AC:  4    Str: 18    XL:     3   Next: 72%
Magic:  3/6        EV:  9    Int: 17    God:    Ignis [*****.]
Gold:   75         SH:  0    Dex:  4    Spells: 4/6 levels left

rFire   + . .        a - +1 whip (freeze)
rCold   . . .        (no shield)
rNeg    . . .        b - +0 robe
rPois   .            (helmet restricted)
rElec   .            e - +0 cloak
rCorr   .            (gloves unavailable)
SInv    .            (boots unavailable)
Will    +....        (no amulet)
Stlth   +            (no ring)
HPRegen 0.26/turn    (no ring)
MPRegen 0.10/turn

%: no passive effects
@: enlightened, flying
A: large, unfitting armour, horns 1, tough skin 1, double potion healing,
drunken brawling
a: Renounce Religion, Fiery Armour, Foxfire Swarm, Rising Flame


You were on level 2 of the Dungeon.
You worshipped Ignis.
Ignis was extremely pleased with you.
You visited 1 branch of the dungeon, and saw 2 of its levels.

You collected 75 gold pieces.

Inventory:

Hand Weapons
 a - a +1 whip of freezing (weapon)
Missiles
 i - 4 large rocks
Armour
 b - a +0 robe (worn)
 e - a +0 cloak (worn)
Jewellery
 j - a ring of positive energy
Scrolls
 h - a scroll of identify {unknown}
 k - a scroll of brand weapon {unknown}
 l - 2 scrolls of teleportation {unknown}
Potions
 d - a potion of enlightenment
 g - a potion of berserk rage {unknown}


   Skills:
 - Level 4.0 Fighting
 * Level 3.9 Maces & Flails
 + Level 2.2 Spellcasting
 - Level 3.0 Fire Magic


You had 4 spell levels left.
You knew the following spells:

 Your Spells              Type           Power      Damage    Failure   Level
a - Scorch                Fire           24%        2d6       9%          2

Your spell library contained the following spells:

 Spells                   Type           Power      Damage    Failure   Level


Dungeon Overview and Level Annotations

Branches:
Dungeon (2/15)

Altars:

Annotations:
D:2 Ijyb


Innate Abilities, Weirdness & Mutations

You are too large for most types of armour.
You have a pair of small horns on your head.
You have tough skin. (AC +1)
You gain doubled healing and magic from potions.
Whenever you drink a healing potion, you attack all around you.


Message History

Ijyb hits you with a +4 vampiric dagger.
You are too confused!
You're too confused to move!
Ijyb zaps a wand.
You resist with almost no effort.
You bump into the rock wall.
Ijyb hits you with a +4 vampiric dagger.
Ijyb draws strength from your wounds!
You closely miss Ijyb. Your headbutt misses Ijyb.
Ijyb is moderately wounded.
Ijyb hits you with a +4 vampiric dagger.
Ijyb draws strength from your wounds!
You completely miss Ijyb. Your headbutt misses Ijyb.
Ijyb is moderately wounded.
You bump into the rock wall.
Ijyb zaps a wand.
Your will is overpowered!
You are more confused.
You bump into the rock wall.
Ijyb screams, "It's all mine!"
Ijyb hits you but does no damage.
You hit Ijyb. You freeze Ijyb.
Ijyb is moderately wounded.
Ijyb hits you with a +4 vampiric dagger!
You bump into the rock wall.
Ijyb zaps a wand.
You resist with almost no effort.
You bump into the rock wall.
Ijyb zaps a wand.
You resist with almost no effort.
You bump into the rock wall.
Ijyb hits you with a +4 vampiric dagger.
* * * LOW HITPOINT WARNING * * *
Ijyb draws strength from your wounds!
You bump into the rock wall.
Ijyb hits you but does no damage.
You hit Ijyb. You freeze Ijyb. You headbutt Ijyb.
Ijyb is heavily wounded.
You feel less confused.
Ijyb hits you with a +4 vampiric dagger.
* * * LOW HITPOINT WARNING * * *
Ijyb draws strength from your wounds!
You barely miss Ijyb.
Ijyb is heavily wounded.
Ijyb hits you with a +4 vampiric dagger!
You die...

#.##.##.#.####....†..# #
#.##.##.#.####..####.# #
#.##.....$.....## #.### #
#.#####.#.#....# #...# #
#.#####.#)#.#..# #.#.###
#.......#.#..#.#####......
#########.#.##.......#.###
#g#..#####.#.#.# #
#@#.#.###.##.#.# #
#....#.#.###.#.# #
###..##..# #.#.# #
#..###.# #.#.# # #..# #.#
#.#.### #..###.###.#.#.#
#.....^....#..#.
#............†..
######.###.#.#.#


You could see Ijyb.

Vanquished Creatures
  2 adders (D:2)
  A dart slug (D:2)
  An endoplasm (D:1)
  7 goblins
  2 hobgoblins (D:2)
  2 kobolds (D:2)
  2 quokkas (D:2)
  5 ball pythons (D:1)
  3 bats
  A frilled lizard (D:2)
  2 rats
28 creatures vanquished.

Notes
Turn   | Place    | Note
-------+----------+-------------------------------------------
     0 | D:1      | Laraso the Oni Cinder Acolyte began the quest for the Orb.
     0 | D:1      | Reached XP level 1. HP: 24/24 MP: 2/2
   181 | D:1      | Reached XP level 2. HP: 32/32 MP: 4/4
   346 | D:1      | Learned a level 2 spell: Scorch
   587 | D:2      | Reached XP level 3. HP: 38/39 MP: 5/5
   939 | D:2      | Noticed Ijyb
  1041 | D:2      | Slain by Ijyb

Illustrated notes

Levels and vault maps discovered:
D:1:      roderic_crop_circles_arrival_small, layout_rooms
D:2:      kennysheep_the_goblin_king, layout_loops_ring, serial_glass,
          glass_columns_a, glass_columns_a

Skill      XL: |  1  2  3 |
---------------+----------+-----
Fire Magic     | 3 |  3.0
Spellcasting   | 2 |  2.2
Fighting       | |  4.0
Maces & Flails | |  3.9

Action                     || total
---------------------------++-------
  Melee: Mace              ||    20
         Headbutt          ||    12
         Whip              ||    65
   Cast: Scorch            ||     8
    Use: Potion            ||     4
 Armour: Robe              ||    66
  Dodge: Dodged            ||    31

Table legend: (Time is in decaauts)
 A = Elapsed time spent in this place.
 B = Non-inter-level travel time spent in this place.
 C = Inter-level travel time spent in this place.
 D = Time resting spent in this place.
 E = Time spent auto-exploring this place.
 F = Levels seen in this place.
 G = Mean time per level.
                   A        B        C        D        E       F      G
               +--------+--------+--------+--------+--------+-----+--------+
         Total |   1040 |   1022 |     18 |     34 |    743 |   2 |  520.0 |
       Dungeon |   1040 |   1022 |     18 |     34 |    743 |   2 |  520.0 |
               +--------+--------+--------+--------+--------+-----+--------+

Top non-repeatable levels by time:
     D:2: 580 daAuts
     D:1: 459 daAuts
